EVO
FRESNO STATE UNIVERSITY BULLDOGS @ UNIVERSITY OF TORONTO MARLIES
11/09/2044
 
TOP OF THE 1ST
University of Georgia Bulldogs batting - Pitching for Coastal Carolina University Chanticleers : RHP Chris Carrier
Pitching: RHP Chris Carrier
Batting: RHB Gary Sampson 0-0: Ball
1-0: DOUBLE (Flyball, 8RD, EV 88.1 MPH)
Batting: RHB Andrew Pride 0-0: Ball
1-0: Called Strike
1-1: Ball
2-1: Reached on error, E5 (Groundball, 56S, EV 76.9 MPH)
Gary Sampson to third
Batting: RHB Bobby Melillo 0-0: Called Strike
0-1: 3-RUN HOME RUN (Line Drive, 7LD, EV 106.3 MPH), Distance : 371 ft
Batting: RHB Jonathan Ellis 0-0: Ground out 6-3 (Groundball, 6, EV 110.0 MPH)
Batting: RHB Ismael Macedo 0-0: Called Strike
0-1: Ball
1-1: Foul Ball, location: 2F
1-2: Strikes out swinging
Batting: RHB Nick Ogle 0-0: Fly out, F9 (Flyball, 9D, EV 100.0 MPH)
Top of the 1st over - 3 runs, 2 hits, 1 error, 0 left on base; University of Georgia 3 - Coastal Carolina University 0
BOTTOM OF THE 1ST
Coastal Carolina University Chanticleers batting - Pitching for University of Georgia Bulldogs : RHP Alejandro Souto
Pitching: RHP Alejandro Souto
Batting: LHB Angel Mejia 0-0: Ball
1-0: Called Strike
1-1: Fly out, F5 (Line Drive, 5, EV 71.9 MPH)
Batting: RHB John Piccolo 0-0: Ball
1-0: Ball
2-0: Foul Ball, location: 2F
2-1: Fly out, F8 (Flyball, 8LD, EV 90.0 MPH)
Batting: RHB Mark Williams 0-0: Ball
1-0: SINGLE (Flyball, 6D, EV 80.6 MPH)
Batting: RHB Matt Black 0-0: Ball
1-0: Called Strike
1-1: Ball
2-1: Foul Ball, location: 2F
2-2: Ball
3-2: Strikes out swinging
Bottom of the 1st over - 0 runs, 1 hit, 0 errors, 1 left on base; University of Georgia 3 - Coastal Carolina University 0
TOP OF THE 2ND
University of Georgia Bulldogs batting - Pitching for Coastal Carolina University Chanticleers : RHP Chris Carrier
Batting: SHB Troy Kenyon 0-0: SINGLE (Flyball, 4MD, EV 94.4 MPH)
Batting: RHB David Zelaya 0-0: Foul Ball, location: 2F
0-1: SINGLE (Line Drive, 9LS, EV 110.6 MPH)
Troy Kenyon to second
Batting: RHB Alejandro Souto 0-0: Ball
1-0: Sac Bunt to 15S - play at third, runner OUT! 1-6
David Zelaya to second
Batting: RHB Gary Sampson 0-0: Ball
1-0: Ball
2-0: SINGLE (Flyball, 7S, EV 88.1 MPH)
David Zelaya to third
Alejandro Souto to second
Batting: RHB Andrew Pride 0-0: Ball
1-0: Ball
2-0: Called Strike
2-1: Foul Ball, location: 2F
2-2: Fly out, F7 (Flyball, 7D, EV 83.1 MPH)
Runner from 3rd tags up, SCORES, throw by LF
Batting: RHB Bobby Melillo 0-0: Ball
1-0: Ball
2-0: Called Strike
2-1: Called Strike
2-2: Ground out 6-3 (Groundball, 6S, EV 87.5 MPH)
Top of the 2nd over - 1 run, 3 hits, 0 errors, 2 left on base; University of Georgia 4 - Coastal Carolina University 0
BOTTOM OF THE 2ND
Coastal Carolina University Chanticleers batting - Pitching for University of Georgia Bulldogs : RHP Alejandro Souto
Batting: RHB David Norum 0-0: Foul Ball, location: 2F
0-1: Ball
1-1: Foul Ball, location: 2F
1-2: Foul Ball, location: 2F
1-2: Ball
2-2: Fly out, F8 (Line Drive, 8LM, EV 100.6 MPH)
Batting: RHB Brian Gargis 0-0: Fly out, F9 (Flyball, 9LM, EV 83.8 MPH)
Batting: RHB Travis Sheppard 0-0: Ball
1-0: Ball
2-0: Called Strike
2-1: Ball
3-1: Base on Balls
Batting: LHB Roman Downey 0-0: Called Strike
0-1: Ball
1-1: Ball
2-1: Ball
3-1: SINGLE (Groundball, 4D, EV 108.1 MPH)
Travis Sheppard to second
Batting: LHB Chris Carrier 0-0: Ball
1-0: Ball
2-0: SINGLE (Groundball, 34D, EV 94.4 MPH)
Travis Sheppard to third
Roman Downey to second
Batting: LHB Angel Mejia 0-0: Foul Ball, location: 2F
0-1: Ball
1-1: Foul Ball, location: 2F
1-2: Strikes out swinging
Bottom of the 2nd over - 0 runs, 2 hits, 0 errors, 3 left on base; University of Georgia 4 - Coastal Carolina University 0
TOP OF THE 3RD
University of Georgia Bulldogs batting - Pitching for Coastal Carolina University Chanticleers : RHP Chris Carrier
Batting: RHB Jonathan Ellis 0-0: SINGLE (Groundball, 3D, EV 100.6 MPH)
Batting: RHB Ismael Macedo 0-0: Foul Ball, location: 2F
0-1: Ball
1-1: Foul Ball, location: 2F
1-2: Foul Ball, location: 2F
1-2: 2-RUN HOME RUN (Flyball, 9LD, EV 105.0 MPH), Distance : 349 ft
Batting: RHB Nick Ogle 0-0: Ball
1-0: Ball
2-0: Ball
3-0: Base on Balls
Batting: SHB Troy Kenyon 0-0: Ball
1-0: Foul Ball, location: 2F
1-1: SINGLE (Flyball, 8LS, EV 90.6 MPH)
Nick Ogle to second
Batting: RHB David Zelaya 0-0: Swinging Strike
0-1: Ball
1-1: Foul Ball, location: 2F
1-2: Strikes out swinging
Batting: RHB Alejandro Souto 0-0: Sac Bunt to 25 - play at first, batter OUT! 5-4
Nick Ogle to third
Troy Kenyon to second
Batting: RHB Gary Sampson 0-0: Swinging Strike
0-1: Fly out, F6 (Popup, 15S, EV 92.5 MPH)
Top of the 3rd over - 2 runs, 3 hits, 0 errors, 2 left on base; University of Georgia 6 - Coastal Carolina University 0
BOTTOM OF THE 3RD
Coastal Carolina University Chanticleers batting - Pitching for University of Georgia Bulldogs : RHP Alejandro Souto
Batting: RHB John Piccolo 0-0: Ball
1-0: Ball
2-0: Ball
3-0: Fly out, F8 (Flyball, 8RM, EV 88.1 MPH)
Batting: RHB Mark Williams 0-0: Called Strike
0-1: Ball
1-1: Fly out, F9 (Flyball, 89M, EV 88.1 MPH)
Batting: RHB Matt Black 0-0: Foul Ball, location: 2F
0-1: Ball
1-1: Ball
2-1: Swinging Strike
2-2: Foul Ball, location: 2F
2-2: Ball
3-2: Reached on error, E3 (Groundball, 34S, EV 80.0 MPH)
Batting: RHB David Norum 0-0: Called Strike
0-1: Ball
1-1: Ball
2-1: Fly out, F4 (Flyball, 4D, EV 81.9 MPH)
Bottom of the 3rd over - 0 runs, 0 hits, 1 error, 1 left on base; University of Georgia 6 - Coastal Carolina University 0
TOP OF THE 4TH
University of Georgia Bulldogs batting - Pitching for Coastal Carolina University Chanticleers : RHP Chris Carrier
Batting: RHB Andrew Pride 0-0: Ball
1-0: SINGLE (Line Drive, 7S, EV 99.4 MPH)
Batting: RHB Bobby Melillo 0-0: SINGLE (Line Drive, 34D, EV 99.4 MPH)
Andrew Pride to second
Batting: RHB Jonathan Ellis 0-0: Called Strike
0-1: Fly out, F8 (Flyball, 8RS, EV 90.0 MPH)
Batting: RHB Ismael Macedo 0-0: Called Strike
0-1: Ball
1-1: Swinging Strike
1-2: Ball
Wild Pitch!
Andrew Pride to third
Bobby Melillo to second
2-2: Ball
3-2: Fly out, F8 (Flyball, 8LXD, EV 83.1 MPH)
Runner from 3rd tags up, SCORES, no throw by CF
Bobby Melillo to third
Pitching: RHP Eddie Hornbuckle
Batting: RHB Nick Ogle 0-0: Fly out, F4 (Popup, 4S, EV 83.1 MPH)
Top of the 4th over - 1 run, 2 hits, 0 errors, 1 left on base; University of Georgia 7 - Coastal Carolina University 0
BOTTOM OF THE 4TH
Coastal Carolina University Chanticleers batting - Pitching for University of Georgia Bulldogs : RHP Alejandro Souto
Batting: RHB Brian Gargis 0-0: Fly out, F6 (Popup, 6MD, EV 60.6 MPH)
Batting: RHB Travis Sheppard 0-0: Ball
1-0: Ground out 5-3 (Groundball, 5, EV 104.4 MPH)
Batting: LHB Roman Downey 0-0: Ball
1-0: Called Strike
1-1: SOLO HOME RUN (Flyball, 9D, EV 96.9 MPH), Distance : 394 ft
Batting: LHB Eddie Hornbuckle 0-0: Swinging Strike
0-1: Foul Ball, location: 2F
0-2: Ball
1-2: Ball
2-2: Foul Ball, location: 2F
2-2: Ball
3-2: Strikes out swinging
Bottom of the 4th over - 1 run, 1 hit, 0 errors, 0 left on base; University of Georgia 7 - Coastal Carolina University 1
TOP OF THE 5TH
University of Georgia Bulldogs batting - Pitching for Coastal Carolina University Chanticleers : RHP Eddie Hornbuckle
Batting: SHB Troy Kenyon 0-0: Swinging Strike
0-1: Ball
1-1: Swinging Strike
1-2: SINGLE (Groundball, 4D, EV 101.3 MPH)
Batting: RHB David Zelaya 0-0: Called Strike
0-1: Ball
1-1: Foul Ball, location: 2F
1-2: Foul Ball, location: 2F
1-2: Ball
2-2: Strikes out looking
Batting: RHB Alejandro Souto 0-0: Fly out, F7 (Flyball, 78S, EV 80.6 MPH)
Batting: RHB Gary Sampson 0-0: Called Strike
0-1: Foul Ball, location: 2F
0-2: Fly out, F9 (Flyball, 89S, EV 90.6 MPH)
Top of the 5th over - 0 runs, 1 hit, 0 errors, 1 left on base; University of Georgia 7 - Coastal Carolina University 1
BOTTOM OF THE 5TH
Coastal Carolina University Chanticleers batting - Pitching for University of Georgia Bulldogs : RHP Alejandro Souto
Batting: LHB Angel Mejia 0-0: Fly out, F1 (Line Drive, P, EV 63.8 MPH)
Batting: RHB John Piccolo 0-0: Ball
1-0: Ground out 4-3 (Groundball, 34, EV 79.4 MPH)
Batting: RHB Mark Williams 0-0: Called Strike
0-1: Fly out, F8 (Flyball, 78D, EV 100.0 MPH)
Bottom of the 5th over - 0 runs, 0 hits, 0 errors, 0 left on base; University of Georgia 7 - Coastal Carolina University 1
TOP OF THE 6TH
University of Georgia Bulldogs batting - Pitching for Coastal Carolina University Chanticleers : RHP Eddie Hornbuckle
Batting: RHB Andrew Pride 0-0: Fly out, F8 (Flyball, 8LD, EV 100.6 MPH)
Batting: RHB Bobby Melillo 0-0: Swinging Strike
0-1: Ball
1-1: Fly out, F8 (Flyball, 89M, EV 88.1 MPH)
Batting: RHB Jonathan Ellis 0-0: Foul Ball, location: 2F
0-1: Foul Ball, location: 2F
0-2: Ball
1-2: Foul Ball, location: 2F
1-2: Reached on error, E5 (Groundball, 56S, EV 86.9 MPH)
Batting: RHB Ismael Macedo 0-0: Reached on error, E6 (Groundball, 6, EV 93.1 MPH)
Jonathan Ellis to second
Batting: RHB Nick Ogle 0-0: Foul Ball, location: 2F
0-1: Ball
1-1: Called Strike
1-2: Foul Ball, location: 2F
1-2: Strikes out swinging
Top of the 6th over - 0 runs, 0 hits, 2 errors, 2 left on base; University of Georgia 7 - Coastal Carolina University 1
BOTTOM OF THE 6TH
Coastal Carolina University Chanticleers batting - Pitching for University of Georgia Bulldogs : RHP Alejandro Souto
Pitching: RHP Tyler Betts
Batting: RHB Matt Black 0-0: Called Strike
0-1: Swinging Strike
0-2: Strikes out looking
Batting: RHB David Norum 0-0: Called Strike
0-1: Ground out 4-3 (Groundball, 4, EV 81.3 MPH)
Batting: RHB Brian Gargis 0-0: SINGLE (Line Drive, 8RS, EV 113.1 MPH)
Batting: RHB Travis Sheppard 0-0: Called Strike
0-1: Foul Ball, location: 2F
0-2: Ball
1-2: Ball
2-2: Foul Ball, location: 2F
2-2: Foul Ball, location: 2F
2-2: Ball
Brian Gargis steals 2nd base
3-2: Base on Balls
Batting: LHB Roman Downey 0-0: Ball
1-0: Swinging Strike
1-1: Ball
Wild Pitch!
Brian Gargis to third
Travis Sheppard to second
2-1: Foul Ball, location: 2F
2-2: Ball
3-2: Fly out, F8 (Flyball, 8LD, EV 80.6 MPH)
Bottom of the 6th over - 0 runs, 1 hit, 0 errors, 2 left on base; University of Georgia 7 - Coastal Carolina University 1
TOP OF THE 7TH
University of Georgia Bulldogs batting - Pitching for Coastal Carolina University Chanticleers : RHP Eddie Hornbuckle
Batting: SHB Troy Kenyon 0-0: DOUBLE (Groundball, 3L, EV 105.0 MPH)
Batting: RHB David Zelaya 0-0: Called Strike
0-1: Ball
1-1: Swinging Strike
1-2: Strikes out swinging
Pinch Hitting: RHB Kevin Allen 0-0: Called Strike
0-1: Called Strike
0-2: Strikes out looking
Batting: RHB Gary Sampson 0-0: Called Strike
0-1: Ball
Wild Pitch!
Troy Kenyon to third
1-1: Swinging Strike
1-2: Strikes out swinging
Top of the 7th over - 0 runs, 1 hit, 0 errors, 1 left on base; University of Georgia 7 - Coastal Carolina University 1
BOTTOM OF THE 7TH
Coastal Carolina University Chanticleers batting - Pitching for University of Georgia Bulldogs : RHP Tyler Betts
Pitching: RHP Andres Galindo
Pinch Hitting: LHB Adam Eisen 0-0: Called Strike
0-1: Ball
1-1: Ball
2-1: Ball
3-1: Base on Balls
Batting: LHB Angel Mejia 0-0: Fly out, F7 (Flyball, 7S, EV 88.8 MPH)
Batting: RHB John Piccolo 0-0: Called Strike
0-1: Ball
1-1: Grounds into double play, 6-4-3 (Groundball, 6M, EV 88.1 MPH)
Bottom of the 7th over - 0 runs, 0 hits, 0 errors, 0 left on base; University of Georgia 7 - Coastal Carolina University 1
TOP OF THE 8TH
University of Georgia Bulldogs batting - Pitching for Coastal Carolina University Chanticleers : RHP Eddie Hornbuckle
Pitching: LHP Kevin Hoffman
Batting: RHB Andrew Pride 0-0: Foul Ball, location: 2F
0-1: Ball
1-1: Ground out 6-3 (Groundball, 56, EV 85.6 MPH)
Batting: RHB Bobby Melillo 0-0: Ground out U3 (Groundball, 34, EV 109.4 MPH)
Batting: RHB Jonathan Ellis 0-0: Ball
1-0: Ball
2-0: Foul Ball, location: 2F
2-1: SINGLE (Popup, 5D, EV 51.9 MPH)
Batting: RHB Ismael Macedo 0-0: Called Strike
0-1: Foul Ball, location: 2F
0-2: Foul Ball, location: 2F
0-2: Ball
1-2: Ball
2-2: Foul Ball, location: 2F
2-2: Foul Ball, location: 2F
2-2: Foul Ball, location: 2F
2-2: Hit by Pitch
Jonathan Ellis to second
Batting: RHB Nick Ogle 0-0: Ground out 1-3 (Groundball, 13, EV 61.9 MPH)
Top of the 8th over - 0 runs, 1 hit, 0 errors, 2 left on base; University of Georgia 7 - Coastal Carolina University 1
BOTTOM OF THE 8TH
Coastal Carolina University Chanticleers batting - Pitching for University of Georgia Bulldogs : RHP Andres Galindo
Batting: RHB Mark Williams 0-0: Called Strike
0-1: SINGLE (Line Drive, 78M, EV 101.3 MPH)
Batting: RHB Matt Black 0-0: Ball
1-0: Ball
2-0: Ball
3-0: Called Strike
3-1: Base on Balls
Mark Williams to second
Batting: RHB David Norum 0-0: Called Strike
0-1: Ball
1-1: Foul Ball, location: 2F
1-2: Foul Ball, location: 2F
1-2: Ball
2-2: Foul Ball, location: 2F
2-2: Ball
3-2: Foul Ball, location: 2F
3-2: 3-RUN HOME RUN (Flyball, 7D, EV 109.4 MPH), Distance : 386 ft
Pitching: RHP Jon Harris
Batting: RHB Brian Gargis 0-0: Called Strike
0-1: Fly out, F9 (Flyball, 9, EV 85.0 MPH)
Batting: RHB Travis Sheppard 0-0: Ball
1-0: Ball
2-0: Ball
3-0: Base on Balls
Batting: LHB Roman Downey 0-0: Foul Ball, location: 2F
0-1: Ball
1-1: Called Strike
1-2: Ball
2-2: Fielders Choice at 2nd, 3-6 (Groundball, 34S, EV 90.6 MPH)
Pinch Hitting: LHB Elmo Dreier 0-0: SINGLE (Line Drive, 6MD, EV 100.0 MPH)
Roman Downey to second
Batting: LHB Angel Mejia 0-0: Ball
1-0: Called Strike
1-1: Called Strike
1-2: Foul Ball, location: 2F
1-2: Ball
2-2: Foul Ball, location: 2F
2-2: Strikes out looking
Bottom of the 8th over - 3 runs, 3 hits, 0 errors, 2 left on base; University of Georgia 7 - Coastal Carolina University 4
TOP OF THE 9TH
University of Georgia Bulldogs batting - Pitching for Coastal Carolina University Chanticleers : LHP Kevin Hoffman
Pitching: RHP Arup Elango
Batting: SHB Troy Kenyon 0-0: Ball
1-0: Ball
2-0: Ball
3-0: Base on Balls
Batting: RHB David Zelaya 0-0: Ball
1-0: Foul Ball, location: 2F
1-1: Ball
2-1: Ball
3-1: Called Strike
3-2: Strikes out looking
Pinch Hitting: LHB Vinny Siebecker 0-0: Foul Ball, location: 2F
0-1: Ball
1-1: Ball
2-1: 2-RUN HOME RUN (Flyball, 7D, EV 110.0 MPH), Distance : 394 ft
Batting: RHB Gary Sampson 0-0: Called Strike
0-1: Swinging Strike
0-2: Reached on error, E9 (Line Drive, 9, EV 96.3 MPH)
Batting: RHB Andrew Pride 0-0: Foul Ball, location: 2F
0-1: Foul Ball, location: 2F
0-2: Foul Ball, location: 2F
0-2: Ball
1-2: Ball
Gary Sampson steals 2nd base
2-2: Foul Ball, location: 2F
2-2: Strikes out swinging
Batting: RHB Bobby Melillo 0-0: Ball
1-0: Swinging Strike
1-1: Ball
2-1: SINGLE (Groundball, 56S, EV 66.9 MPH) (infield hit)
Gary Sampson to third
Batting: RHB Jonathan Ellis 0-0: Ball
1-0: Ball
2-0: Called Strike
2-1: Ball
Wild Pitch!
Gary Sampson scores
Bobby Melillo to second
3-1: Swinging Strike
3-2: Base on Balls
Batting: RHB Ismael Macedo 0-0: Ball
1-0: 3-RUN HOME RUN (Flyball, 7D, EV 94.4 MPH), Distance : 381 ft
Pitching: RHP Eric Boyles
Batting: RHB Nick Ogle 0-0: Foul Ball, location: 2F
0-1: Ball
1-1: Ball
2-1: Ball
3-1: SOLO HOME RUN (Line Drive, 78XD, EV 103.1 MPH), Distance : 442 ft
Pinch Hitting: RHB Scott Park 0-0: Ball
1-0: Foul Ball, location: 2F
1-1: Ball
2-1: Called Strike
2-2: Ball
3-2: Hit by Pitch
Batting: RHB David Zelaya 0-0: Foul Ball, location: 2F
0-1: Ball
1-1: Called Strike
1-2: Ball
2-2: Ball
3-2: Base on Balls
Scott Park to second
Batting: LHB Vinny Siebecker 0-0: Swinging Strike
0-1: Fly out, F8 (Line Drive, 8RM, EV 92.5 MPH)
Top of the 9th over - 7 runs, 4 hits, 1 error, 2 left on base; University of Georgia 14 - Coastal Carolina University 4
BOTTOM OF THE 9TH
Coastal Carolina University Chanticleers batting - Pitching for University of Georgia Bulldogs : RHP Jon Harris
Pitching: RHP John Morris
Now at C: Scott Park
Batting: RHB John Piccolo 0-0: Foul Ball, location: 2F
0-1: Ground out 4-3 (Groundball, 4, EV 82.5 MPH)
Batting: RHB Mark Williams 0-0: Foul Ball, location: 2F
0-1: Ball
1-1: Fly out, F8 (Flyball, 8RS, EV 94.4 MPH)
Batting: RHB Matt Black 0-0: Called Strike
0-1: Foul Ball, location: 2F
0-2: Foul Ball, location: 2F
0-2: Foul Ball, location: 2F
0-2: Ball
1-2: Ball
2-2: Ball
3-2: Ground out 4-3 (Groundball, 4, EV 86.9 MPH)
Bottom of the 9th over - 0 runs, 0 hits, 0 errors, 0 left on base; University of Georgia 14 - Coastal Carolina University 4
Thursday, March 31st , 2022 - OOTP Baseball 22.12 Build 89